 Seeded DCSS version 0.30.1-9-gdf580d7c3d (webtiles) character file.

Game seed: 5 (custom seed)

129 Kazon the Trooper (level 5, -1/42 HPs)
             Began as a Human Fighter on Sept 27, 2023.
             Was an Initiate of the Shining One.
             Slain by a black bear (2 damage)
             ... on level 4 of the Dungeon.
             The game lasted 00:10:19 (2241 turns).

Kazon the Trooper (Human Fighter)                   Turns: 2241, Time: 00:10:20

Health: -1/42      AC:  2    Str: 19    XL:     5   Next: 35%
Magic:  14/14      EV:  9    Int:  8    God:    the Shining One [......]
Gold:   163        SH:  4    Dex: 12    Spells: 4/4 levels left

rFire   . . .        a - +0 long sword
rCold   . . .        c - +0 buckler
rNeg    + + .        b - +0 scale mail
rPois   .            (no helmet)
rElec   .            (no cloak)
rCorr   .            (no gloves)
SInv    .            (no boots)
Will    .....        r - amulet of the Iron Devil {Acrobat *Corrode rN++} Stlth
                     s - ring of magical power
HPRegen 0.27/turn    (no ring)
MPRegen 0.14/turn

%: corrode self (3%), acrobat
@: corroded, glowing
A: no striking features
a: Renounce Religion


You were on level 4 of the Dungeon.
You worshipped the Shining One.
The Shining One was noncommittal.
You visited 2 branches of the dungeon, and saw 5 of its levels.

You collected 163 gold pieces.

Inventory:

Hand Weapons
 a - a +0 long sword (weapon)
 v - a +0 war axe
Missiles
 f - 2 stones (quivered)
 j - 3 boomerangs
 q - 5 poisoned darts
Armour
 b - a +0 scale mail (worn)
 c - a +0 buckler (worn)
 i - a +0 tower shield
Jewellery
 r - the amulet of the Iron Devil (around neck) {Acrobat *Corrode rN++}
   (You acquired it on level 1 of the Dungeon)

   [amulet of the acrobat]

   It increases your evasion while moving and waiting.
   rN:        It greatly protects you from negative energy.
   *Corrode:  It may corrode you when you take damage.
 s - a ring of magical power (left hand)
Scrolls
 g - a scroll of fog {unknown}
 l - a scroll of blinking {unknown}
 m - a scroll of identify {unknown}
 n - a scroll of summoning {unknown}
 o - a scroll of magic mapping {unknown}
 p - a scroll of teleportation {unknown}
Potions
 d - a potion of might
 h - a potion of resistance {unknown}
 k - 3 potions of curing {unknown}
 t - a potion of flight {unknown}
 u - a potion of berserk rage {unknown}
 w - a potion of invisibility {unknown}


   Skills:
 * Level 3.9 Fighting
 + Level 3.4 Long Blades
 + Level 1.2 Throwing
 + Level 3.3 Armour
 + Level 0.5 Dodging
 + Level 0.1 Stealth
 + Level 3.2 Shields
 * Level 0.1 Invocations


You had 4 spell levels left.
You didn't know any spells.
Your spell library contained the following spells:

 Spells                   Type           Power      Damage    Failure   Level
 Frozen Ramparts          Ice            0%         1d1       99%         3
 Ice Form                 Ice/Tmut       0%         N/A       100%        4
 Summon Ice Beast         Ice/Summ       0%         N/A       100%        4


Dungeon Overview and Level Annotations

Branches:
Dungeon (4/15)             Temple (1/1) D:4

Altars:
Fedhas
Qazlal
Trog
Wu Jian
The Shining One


Message History

You kill the orc!
The orc hits you with a +0 hand axe.
You barely miss the orc.
The orc is heavily wounded.
The orc hits you but does no damage.
You barely miss the orc.
The orc is heavily wounded.
The orc hits you but does no damage.
You hit the orc.
You kill the orc!
The black bear closely misses you. x2; The black bear claws you.
You hit the black bear.
The black bear is lightly wounded.
The black bear barely misses you. x2; The black bear claws you.
You hit the black bear.
The black bear is heavily wounded.
You block the black bear's attack. The black bear closely misses you.
The black bear claws you.
Your corrosive artefact corrodes you!
You slash the black bear!
The black bear is severely wounded.
The black bear goes berserk!
You slash the black bear!
The black bear is almost dead.
You block the black bear's attack. The black bear claws you!
The black bear claws you. The black bear bites you!
* * * LOW HITPOINT WARNING * * *
The black bear claws you.
* * * LOW HITPOINT WARNING * * *
The black bear claws you.
* * * LOW HITPOINT WARNING * * *
You closely miss the black bear.
The black bear is almost dead.
The black bear barely misses you. The black bear claws you.
* * * LOW HITPOINT WARNING * * *
The black bear barely misses you. The black bear bites you!
The Shining One protects you from harm! The black bear claws you.
* * * LOW HITPOINT WARNING * * *
The black bear claws you.
You die...

..>.......... #
.........##.####.#?
###..##...##........
#.................
#..##.#...)##.#.#.
#.................
#.###.#.##.##.#.#
#.# #.#.##.##.# ##
#@# #.#.##.##.#..#
#h# ###.##.##.##.#
..o...o##
#.##.##.##.. h......
####........ .......
#.##.#.#. .......
#........ ##+##..
#.##.#... #..
#.##....) #./
#.##.#†..


You could see a black bear (berserk) and an orc.

Vanquished Creatures
  4 adders
  3 worms
  4 orcs
  4 bats
  9 endoplasms
  A giant cockroach (D:1)
  12 goblins
  6 hobgoblins
  11 jackals
  3 kobolds
  6 ball pythons
  3 frilled lizards
  3 rats
69 creatures vanquished.

Notes
Turn   | Place    | Note
-------+----------+-------------------------------------------
     0 | D:1      | Kazon the Human Fighter began the quest for the Orb.
     0 | D:1      | Reached XP level 1. HP: 18/18 MP: 1/1
    53 | D:1      | Identified a scroll of acquirement
    53 | D:1      | Acquired the amulet of the Iron Devil {Acrobat *Corrode
                  | rN++}
    72 | D:1      | Reached XP level 2. HP: 24/24 MP: 2/2
   167 | D:1      | Reached XP level 3. HP: 23/29 MP: 3/3
   850 | D:2      | Reached skill level 1 in Throwing
   897 | D:2      | Reached XP level 4. HP: 34/36 MP: 4/4
  1395 | D:2      | Reached XP level 5. HP: 37/42 MP: 5/5
  1684 | D:3      | Found a blossoming altar of Fedhas.
  1887 | D:3      | Found a stormy altar of Qazlal.
  2008 | D:3      | Found a faded altar of an unknown god.
  2121 | D:3      | Identified the +2 sling "Qeuhanocyt" {speed, rElec Str-3
                  | Dex+2}
  2162 | D:4      | Found a staircase to the Ecumenical Temple.
  2170 | Temple   | Entered the Ecumenical Temple
  2177 | Temple   | Became a worshipper of the Shining One
  2222 | D:4      | Noticed a black bear
  2241 | D:4      | The Shining One protects you from harm!
  2241 | D:4      | HP: 1/42 [black bear (6)]
  2241 | D:4      | Slain by a black bear

Illustrated notes

Levels and vault maps discovered:
D:1:      ebering_trefoil_3fold, layout_basic, st_stairs_14, serial_bayou_ford_a
D:2:      layout_basic, hangedman_decor_growths, minmay_close_crescents
D:3:      layout_rooms, mainiacjoe_overflow_concentric_impassable,
          mainiacjoe_overflow_paths, shapermc_ecumenical_altar_acropolis,
          chequers_serial_rivers_micro_b
D:4:      layout_basic, riverfiend_overflow_shadow_ancestor,
          minmay_temple_entry_glass, uniq_sigmund
Temple:   nicolae_temple_elliptical

Skill      XL: |  1  2  3  4 |
---------------+-------------+-----
Throwing       | 1 |  1.2
Long Blades    | 3 |  3.4
Fighting       | |  3.9
Armour         | |  3.3
Dodging        | |  0.5
Stealth        | |  0.1
Shields        | |  3.2
Invocations    | |  0.1

Action                     |  1- 3 |  4- 6 || total
---------------------------+-------+-------++-------
  Melee: Long sword        |   135 |   108 ||   243
         Dagger            |       |    31 ||    31
         War axe           |       |     6 ||     6
  Throw: Stone             |       |    14 ||    14
    Use: Scroll            |     2 |       ||     2
         Potion            |     1 |       ||     1
 Armour: Scale mail        |    58 |    56 ||   114
  Dodge: Dodged            |    66 |    72 ||   138
  Block: Buckler           |    34 |    28 ||    62
